 Dungeon Crawl Stone Soup version 0.21-a0-71-g5e5ddd2 (webtiles) character file.

33 xgamer67 the Digger (level 3, -2/19 HPs)
             Began as a Deep Elf Earth Elementalist on June 19, 2017.
             Slain by Terence
             ... wielding a +0 flail
              (3 damage)
             ... on level 3 of the Dungeon.
             The game lasted 00:03:39 (1234 turns).

xgamer67 the Digger (Deep Elf Earth Elementalist)   Turns: 1234, Time: 00:03:40

Health: -2/19      AC:  2    Str:  5    XL:     3   Next: 12%
Magic:  1/9        EV: 13    Int: 20    God:
Gold:   10         SH:  0    Dex: 15    Spells: 5/8 levels left

rFire    . . .     SeeInvis .   a - +0 dagger
rCold    . . .     Gourm    .   (no shield)
rNeg     . . .     Faith    .   c - +0 robe
rPois    .         Spirit   .   (no helmet)
rElec    .         Reflect  .   (no cloak)
rCorr    .         Harm     .   (no gloves)
MR       .....                  (no boots)
Stlth    ++........             (no amulet)
HPRegen  0.06/turn              (no ring)
MPRegen  0.11/turn              (no ring)

@: no status effects
A: no striking features
a: no special abilities


You were on level 3 of the Dungeon.
You were not hungry.

You visited 1 branch of the dungeon, and saw 3 of its levels.

You collected 10 gold pieces.

Inventory:

Hand Weapons
 a - a +0 dagger (weapon)
Missiles
 b - 37 stones (quivered)
Armour
 c - a +0 robe (worn)
Scrolls
 h - a scroll of remove curse {unknown}
 i - 3 scrolls of identify {unknown}
Potions
 f - 2 potions of mutation {unknown}
 g - a potion of curing {unknown}
Books
 e - a book of Geomancy

   Spells                             Type                      Level
   a - Sandblast                      Earth                        1
   b - Passwall                       Transmutation/Earth          2
   c - Stone Arrow                    Conjuration/Earth            3
   d - Petrify                        Transmutation/Earth          4
   e - Lee's Rapid Deconstruction     Earth                        5
Comestibles
 d - 3 bread rations
 j - 2 meat rations


   Skills:
 - Level 2.4 Dodging
 - Level 2.4 Stealth
 - Level 3.0 Spellcasting
 - Level 1.1 Transmutations
 + Level 4.7 Earth Magic


You had 5 spell levels left.
You knew the following spells:

 Your Spells              Type           Power        Failure   Level  Hunger
a - Sandblast             Erth           ###...       1%          1    None
A - Passwall              Tmut/Erth      ##........   6%          2    ##.....


Dungeon Overview and Level Annotations

Branches:
Dungeon (3/15)

Altars:
Xom

Annotations:
D:3 Terence


Message History

Casting: Sandblast
Confirm with . or Enter, or press ? or * to list all spells.
Aiming: Sandblast
Press: ? - help, Shift-Dir - straight line, f/p - Terence
Aim: Terence, wielding a flail and wearing a scale mail (almost dead)
The blast of sand misses Terence.
b - 38 stones Terence hits you with a flail!
Ouch! That really hurt!
* * * LOW HITPOINT WARNING * * *
Casting: Sandblast
Confirm with . or Enter, or press ? or * to list all spells.
Aiming: Sandblast
Press: ? - help, Shift-Dir - straight line, f/p - Terence
Aim: Terence, wielding a flail and wearing a scale mail (almost dead)
The blast of sand hits Terence.
Terence is almost dead.
b - 37 stones Terence hits you with a flail.
You die...

### ..# ..###
.... ..#####
########@#)....
.......@......>
.........<.....
.######........
.......<.......
..####.#%######
#. .# ## .# .#
..


You could see Terence.

Vanquished Creatures
  An adder (D:3)
  A dart slug (D:1)
  A leopard gecko (D:1)
  6 bats (D:1)
  A goblin (D:1)
  5 hobgoblins (D:1)
  2 kobolds (D:1)
  2 frilled lizards (D:1)
  2 rats (D:1)
21 creatures vanquished.

Notes
Turn   | Place    | Note
-------+----------+-------------------------------------------
     0 | D:1      | xgamer67 the Deep Elf Earth Elementalist began the quest for the Orb.
     0 | D:1      | Reached XP level 1. HP: 10/10 MP: 6/6
   314 | D:1      | Reached XP level 2. HP: 9/15 MP: 8/8
   321 | D:1      | Learned a level 2 spell: Passwall
   470 | D:1      | Reached skill level 4 in Earth Magic
  1002 | D:1      | Found a shimmering altar of Xom.
  1229 | D:3      | Reached XP level 3. HP: 19/19 MP: 6/9
  1230 | D:3      | Noticed Terence
  1234 | D:3      | Slain by Terence

Vault maps used:
D:1:      shiori_arrival_oz, minivault_19, xom_teletrap_fun
D:2:      lemuel_crystal_altar
D:3:      eat_drink_and_be_merry_uskayaw, first_bread, uniq_terence, uniq_robin,
          uniq_jessica

Skill      XL: |  1  2 |
---------------+-------+-----
Earth Magic    | 4 |  4.7
Dodging        | |  2.4
Stealth        | |  2.4
Spellcasting   | |  3.0
Transmutations | |  1.1

Action                   || total
-------------------------++-------
Melee: Unarmed           ||    23
       Dagger            ||    71
 Cast: Sandblast         ||    12
 Stab: Sleeping          ||     4
  Eat: Chunk             ||     1
Armor: Robe              ||    43
Dodge: Dodged            ||    91
